 Dungeon Crawl Stone Soup version 0.24-a0-250-g6074511 (webtiles) character file.

Game seed: 4031650006854266427

2615 Borgoz the Slicer (level 9, -6/55 HPs)
             Began as a Kobold Gladiator on Apr 14, 2019.
             Was a Follower of Ashenzari.
             Mangled by a wyvern (9 damage)
             ... on level 8 of the Dungeon.
             The game lasted 00:10:09 (7345 turns).

Borgoz the Slicer (Kobold Gladiator)                Turns: 7345, Time: 00:10:10

Health: -6/55      AC:  6    Str: 15    XL:     9   Next: 91%
Magic:  12/12      EV: 19    Int:  9    God:    Ashenzari [*.....]
Gold:   186        SH:  4    Dex: 16    Spells: 8/8 levels left

rFire    . . .     SeeInvis .   b - +2 rapier (venom)
rCold    . . .     Gourm    .   (shield restricted)
rNeg     . . .     Faith    .   j - +0 leather armour
rPois    .         Spirit   .   c - +0 helmet
rElec    .         Reflect  +   F - +1 cloak {+Inv}
rCorr    .         Harm     .   (no gloves)
MR       .....                  (no boots)
Stlth    ++++......             w - +4 amulet of reflection
HPRegen  0.18/turn              (no ring)
MPRegen  0.13/turn              (no ring)

@: no status effects
A: small, carnivore
a: Curse Item, Scrying, Renounce Religion, Evoke Invisibility


You were on level 8 of the Dungeon.
You worshipped Ashenzari.
Ashenzari was aware of your devotion.
You were completely stuffed.

You visited 2 branches of the dungeon, and saw 9 of its levels.

You collected 186 gold pieces.

Inventory:

Hand Weapons
 a - a +0 dagger of electrocution
 b - a +2 rapier of venom (weapon)
 i - a +0 rapier
 x - a +1 dagger of speed
Armour
 c - a +0 helmet (worn)
 j - a +0 leather armour (worn)
 F - a +1 cloak of invisibility (worn)
Jewellery
 w - a +4 amulet of reflection (around neck)
Wands
 n - a wand of iceblast (3)
 r - a wand of enslavement (4)
Scrolls
 e - 3 scrolls of blinking {unknown}
 g - 3 scrolls of identify {unknown}
 k - a scroll of fear {unknown}
 o - 2 scrolls of enchant armour {unknown}
 p - 2 scrolls of remove curse
 s - 3 scrolls of immolation {unknown}
 t - 2 scrolls of fog {unknown}
 y - 4 scrolls of teleportation {unknown}
 z - 3 scrolls of enchant weapon {unknown}
 A - a scroll of random uselessness {unknown}
 B - a scroll of noise {unknown}
 C - a scroll of silence {unknown}
 D - a scroll of amnesia {unknown}
Potions
 l - a potion of agility
 m - a potion of heal wounds
 q - a potion of haste
 u - a potion of mutation {unknown}
 v - a potion of resistance {unknown}
Comestibles
 f - 12 rations
 h - 7 chunks of flesh


   Skills:
 + Level 6.3 Fighting
 + Level 8.3 Short Blades
 - Level 2.1 Throwing
 + Level 4.3 Armour
 + Level 7.4 Dodging
 + Level 7.5 Stealth
 + Level 4.2 Evocations


You had 8 spell levels left.
You didn't know any spells.
Your spell library was empty.

Dungeon Overview and Level Annotations

Branches:
Dungeon (8/15)             Temple (1/1) D:4            Lair (0/6) D:8

Altars:
Ashenzari
Cheibriados
Dithmenos
Elyvilon
Fedhas
Hepliaklqana
Kikubaaqudgha
Nemelex Xobeh
Okawaru
Qazlal
Ru
Sif Muna
Trog
Uskayaw
Wu Jian
Xom
Yredelemnul
Zin
The Shining One


Innate Abilities, Weirdness & Mutations

You are small and have problems with some larger weapons.
You are carnivorous and can eat meat at any time.


Message History

The wyvern is lightly wounded.
The wyvern bites you but does no damage.
You hit the wyvern but do no damage.
The wyvern looks as sick as possible!
The wyvern is lightly wounded.
The wyvern bites you!
* * * LOW HITPOINT WARNING * * *
Okay, then.
Throwing (i - inventory)
d - 2 throwing nets (quivered)
Press: ? - help, Shift-Dir - straight line, f - wyvern
Aim: a wyvern (lightly wounded, poisoned)
You throw a throwing net.
The throwing net closely misses the wyvern.
The wyvern misses you.
Throwing (i - inventory)
d - a throwing net (quivered)
Press: ? - help, Shift-Dir - straight line, f/p - wyvern
Aim: a wyvern (lightly wounded, poisoned)
You throw a throwing net.
The throwing net barely misses the wyvern.
The wyvern misses you. The wyvern bites you!
You die...

.. . .. .. #. #.###.
.#.....##
........####
.P....PP...# # #
...P.P.@l.(#.#.#.
....P....P.P.P#.....
..P.P.P.PPP.........
...P.P####P..P.##.#.
...PP..#>)#..PP.##
#..P.P.P#..#...P..#.
.#.P...##'#..P......
...P.P.........##.#
##......รท....P......


You could see a wyvern.

Vanquished Creatures
  Grinder (D:6)
  A hippogriff (D:7)
  A porcupine (D:8)
  2 orc warriors
  A sky beast (D:5)
  A phantom (D:4)
  3 ice beasts
  A necrophage (D:7)
  2 ogres (D:7)
  2 centaurs
  4 bullfrogs
  A howler monkey (D:4)
  A centaur zombie (D:5)
  A crimson imp (D:7)
  A quasit (D:7)
  A bullfrog zombie (D:5)
  A hound (D:5)
  2 orc priests (D:7)
  Crazy Yiuf (D:5)
  A bullfrog skeleton (D:7)
  2 orc wizards
  Jessica (D:3)
  Ijyb (D:3)
  Terence (D:3)
  An iguana (D:8)
  4 worker ants
  A hound skeleton (D:7)
  2 worker ant zombies
  3 gnolls (D:3)
  10 adders
  An adder skeleton (D:4)
  3 worms
  A dart slug (D:4)
  5 leopard geckos
  24 orcs
  4 giant cockroaches
  2 gnoll zombies (D:2)
  4 goblins
  6 hobgoblins
  3 jackals (D:4)
  A ball python (D:1)
  8 bats
  4 frilled lizards
  A jackal skeleton (D:4)
  A jackal zombie (D:6)
  3 kobolds
  A quokka skeleton (D:7)
  4 rats
131 creatures vanquished.

Vanquished Creatures (others)
  2 fungi (D:8)
2 creatures vanquished.

Grand Total: 133 creatures vanquished

Notes
Turn   | Place    | Note
-------+----------+-------------------------------------------
     0 | D:1      | Borgoz the Kobold Gladiator began the quest for the Orb.
     0 | D:1      | Reached XP level 1. HP: 12/12 MP: 1/1
   117 | D:1      | Reached XP level 2. HP: 18/18 MP: 2/2
   392 | D:1      | Reached skill level 1 in Stealth
   658 | D:2      | Reached XP level 3. HP: 22/22 MP: 3/3
   731 | D:2      | Found a sparkling altar of Nemelex Xobeh.
  1079 | D:2      | Found a glowing golden altar of the Shining One.
  1396 | D:2      | Reached skill level 1 in Armour
  1415 | D:2      | Reached XP level 4. HP: 27/27 MP: 4/4
  1498 | D:2      | Found a basalt altar of Yredelemnul.
  1792 | D:3      | Noticed Jessica
  1795 | D:3      | Killed Jessica
  2044 | D:3      | Found a shimmering altar of Xom.
  2060 | D:3      | Found a deep blue altar of Sif Muna.
  2064 | D:3      | Reached XP level 5. HP: 32/32 MP: 5/5
  2109 | D:3      | Noticed Terence
  2132 | D:3      | Killed Terence
  2178 | D:3      | Reached skill level 5 in Short Blades
  2473 | D:3      | Noticed Ijyb
  2478 | D:3      | Killed Ijyb
  2478 | D:3      | Reached XP level 6. HP: 37/37 MP: 6/6
  2486 | D:3      | Found a shattered altar of Ashenzari.
  2679 | D:3      | Became a worshipper of Ashenzari the Shackled
  2945 | D:4      | Found a staircase to the Ecumenical Temple.
  2946 | D:4      | Noticed a phantom
  2951 | D:4      | Killed a phantom
  2951 | D:4      | Reached skill level 5 in Dodging
  3027 | Temple   | Entered the Ecumenical Temple
  3260 | D:4      | Reached XP level 7. HP: 42/42 MP: 7/7
  3465 | D:5      | Entered Level 5 of the Dungeon
  3875 | D:5      | Reached skill level 6 in Short Blades
  4286 | D:5      | Reached skill level 5 in Stealth
  4286 | D:5      | Reached XP level 8. HP: 48/48 MP: 8/8
  4401 | D:5      | Found a runed translucent door.
  4402 | D:5      | Noticed Crazy Yiuf
  4525 | D:5      | Killed Crazy Yiuf
  4712 | D:6      | Reached * piety under Ashenzari
  4714 | D:6      | Noticed Grinder
  4892 | D:6      | Paralysed by Grinder for 6 turns
  4912 | D:6      | HP: 2/48 [Grinder/nerve-wracking pain (13)]
  4924 | D:6      | Killed Grinder
  4924 | D:6      | Reached skill level 5 in Fighting
  4924 | D:6      | Reached skill level 1 in Evocations
  5283 | D:6      | Found a glowing silver altar of Zin.
  5817 | D:6      | Found an ancient bone altar of Kikubaaqudgha.
  5835 | D:6      | Found a stormy altar of Qazlal.
  6356 | D:7      | Reached skill level 7 in Short Blades
  6407 | D:7      | Reached XP level 9. HP: 51/54 MP: 10/10
  6903 | D:7      | Found an ornate altar of the Wu Jian Council.
  6958 | D:7      | Noticed a hippogriff
  6977 | D:7      | Killed a hippogriff
  7082 | D:7      | Reached skill level 8 in Short Blades
  7306 | D:8      | Found a staircase to the Lair.
  7345 | D:8      | Mangled by a wyvern

Levels and vault maps discovered:
D:1:      scummos_arrival_simple_crosswalls, layout_loops_ring
D:2:      layout_loops_ring, lemuel_zombie_altar_yredelemnul,
          old_standard_altar, tso_metal_star, first_ration,
          lightli_corner_chamber
D:3:      layout_loops_corners, lemuel_round_altar, lemuel_round_altar,
          lemuel_crystal_altar, uniq_terence, uniq_jessica, uniq_ijyb
D:4:      layout_basic, minmay_temple_entry_steel_oval
D:5:      layout_basic, uniq_crazy_yiuf_cottage
D:6:      layout_layer_cave, kennysheep_mini, kiku_gazebo_pond_becter,
          zin_academy, minmay_misc_feat_four_crosses, centaur_isle, uniq_grinder
D:7:      layout_basic, kennysheep_mini_moat
D:8:      layout_basic, grunt_temple_overflow_lords_of_destruction,
          lemuel_round_altar, grunt_lair_entry_orc_guard_hut, serial_shops,
          shop, basic_altar
Temple:   nicolae_temple_figure_zero

Skill      XL: |  1  2  3  4  5  6  7  8  9 |
---------------+----------------------------+-----
Stealth        | 1 2 3 4 5 6 7 |  7.5
Dodging        | 4 5 6 7 |  7.4
Armour         | 1 2 3 4 |  4.3
Fighting       | 3 4 5 6 |  6.3
Short Blades   | 5 6 7 8 |  8.3
Evocations     | 2 4 |  4.2
Throwing       | |  2.1

Action                   |  1- 3 |  4- 6 |  7- 9 || total
-------------------------+-------+-------+-------++-------
Melee: Rapier            |    24 |       |   110 ||   134
       Dagger            |    90 |   141 |   243 ||   474
Throw: Throwing net      |       |       |     3 ||     3
Evoke: Wand              |       |       |     1 ||     1
  Use: Potion            |       |       |    12 ||    12
 Stab: Sleeping          |     5 |     4 |    13 ||    22
       Held in net/web   |       |       |     1 ||     1
  Eat: Chunk             |    10 |     6 |    13 ||    29
Armor: Leather armour    |    28 |    12 |    59 ||    99
       Skin              |       |       |     4 ||     4
Dodge: Dodged            |    80 |    79 |   227 ||   386
Block: Other             |       |       |    35 ||    35
       Reflection        |       |       |     2 ||     2

Table legend:
 A = Non-vault XP
 B = Vault XP
 C = Vault XP percentage of total XP
 D = Non-vault monster count
 E = Vault monster count
 F = Vault count percentage of total count
                 A         B        C        D         E       F
            +---------+---------+-------+---------+---------+-------
      Total |    2842 |     895 |  23.9 |     120 |      11 |   8.4
            +---------+---------+-------+---------+---------+-------
        D:1 |      17 |       0 |   0.0 |      12 |       0 |   0.0
        D:2 |      66 |       4 |   5.7 |      19 |       2 |   9.5
        D:3 |     107 |     109 |  50.5 |      14 |       3 |  17.6
        D:4 |     259 |       0 |   0.0 |      20 |       0 |   0.0
        D:5 |     593 |      40 |   6.3 |      18 |       1 |   5.3
        D:6 |     199 |     272 |  57.7 |       9 |       1 |  10.0
        D:7 |    1521 |       0 |   0.0 |      25 |       0 |   0.0
        D:8 |      80 |     470 |  85.5 |       3 |       4 |  57.1
            +---------+---------+-------+---------+---------+-------
